 Dungeon Crawl Stone Soup version 0.18-a0-1372-gd644665 (webtiles) character file.

175 WarriorsX the Covered (level 5, -11/41 HPs)
             Began as a Human Fighter on Feb 21, 2016.
             Mangled by an orc
             ... wielding a +0 hand axe of electrocution
              (14 damage)
             ... on level 3 of the Dungeon.
             The game lasted 00:13:09 (2086 turns).

WarriorsX the Covered (Human Fighter)               Turns: 2086, Time: 00:13:09

Health: -11/41     AC:  9    Str: 22    XL:     5   Next: 86%
Magic:  5/5        EV: 12    Int:  9    God:
Gold:   216        SH:  0    Dex: 12    Spells: 0 memorised, 4 levels left

rFire  + . .     SeeInvis .     a - +0 long sword
rCold  . . .     Gourm    .     b - +0 scale mail
rNeg   . . .     Faith    .     (no shield)
rPois  .         Spirit   .     (no helmet)
rElec  .         Dismiss  .     (no cloak)
rCorr  .         Reflect  .     (no gloves)
SustAt .         Harm     .     t - +1 pair of boots
MR     .....                    (no amulet)
Stlth  ..........               (no ring)
                                (no ring)

@: mighty, very slightly contaminated, not resistant to hostile enchantments,
extremely unstealthy
A: repulsion field 1, fire resistance 1
a: no special abilities


You were on level 3 of the Dungeon.
You were hungry.

You visited 1 branch of the dungeon, and saw 4 of its levels.

You collected 216 gold pieces.

Inventory:

Hand Weapons
 a - a +0 long sword (weapon)
Armour
 b - a +0 scale mail (worn)
 c - a +0 shield
 t - a +1 pair of boots (worn)
Scrolls
 i - 2 scrolls of remove curse
 j - 2 scrolls of identify
 l - 3 scrolls of random uselessness
Potions
 h - 2 potions of lignification
 k - a potion of agility
 r - a potion of ambrosia
Comestibles
 f - 6 bread rations
 g - a meat ration


   Skills:
 - Level 3.0 Fighting
 - Level 4.2 Long Blades
 + Level 4.4 Armour
 - Level 1.0 Dodging
 - Level 3.0 Shields


You had 4 spell levels left.
You didn't know any spells.

Dungeon Overview and Level Annotations

Branches:
Dungeon (4/15)
 Temple: D:4-7

Altars:
Dithmenos
Gozag
Zin


Innate Abilities, Weirdness & Mutations

You are surrounded by a mild repulsion field (EV +2).
Your flesh is heat resistant.


Message History

The adder misses you.
You completely miss the adder.
The adder is almost dead.
The adder bites you but does no damage. The adder barely misses you.
You closely miss the adder.
The adder is almost dead.
Your resistance to elements expires.
The adder misses you.
Your scale mail prevents you from hitting the adder.
The adder is almost dead.
The adder barely misses you. The adder closely misses you.
You barely miss the adder.
The adder is almost dead.
The adder bites you.
* * * LOW HITPOINT WARNING * * *
The orc priest casts a cantrip, but nothing happens.
You slice the adder!!
You kill the adder!
The orc hits you but does no damage.
You are electrocuted!
You die...

####.#
#######....#
####.......##.#
..÷.....÷####.#
...P....÷# #.#
≈≈≈≈≈....# #.#
≈≈≈≈.♣...# #.#
≈≈≈.≈.♣######.####
≈≈≈≈≈≈♣.....#.##@#
≈.≈≈..........##o#
P≈.≈≈♣#######.##o#
..P♣..# #.[..#.#
####### #....#.#
#..###+# #..# #..#
#..#


You could see an orc priest and an orc.

Vanquished Creatures
  An orc priest (D:4)
  A worker ant (D:4)
  5 adders
  2 worms
  3 giant geckos
  2 orcs
  7 bats
  6 giant cockroaches
  8 goblins
  7 hobgoblins
  7 kobolds
  3 quokkas (D:2)
  A ball python (D:2)
  8 giant newts
  10 rats
71 creatures vanquished.

Vanquished Creatures (others)
  An orc (D:4)
1 creature vanquished.

Grand Total: 72 creatures vanquished

Notes
Turn   | Place    | Note
--------------------------------------------------------------
     0 | D:1      | WarriorsX the Human Fighter began the quest for the Orb.
     0 | D:1      | Reached XP level 1. HP: 18/18 MP: 1/1
    92 | D:1      | Reached XP level 2. HP: 24/24 MP: 2/2
   367 | D:1      | Reached skill level 1 in Dodging
   367 | D:1      | Reached XP level 3. HP: 19/29 MP: 3/3
   960 | D:2      | Reached XP level 4. HP: 28/35 MP: 4/4
  1021 | D:2      | Found a glowing silver altar of Zin.
  1021 | D:2      | Found a shadowy altar of Dithmenos.
  1021 | D:2      | Found an opulent altar of Gozag.
  1392 | D:3      | Reached skill level 4 in Long Blades
  1700 | D:3      | Reached XP level 5. HP: 33/41 MP: 5/5
  2003 | D:4      | Gained mutation: You are surrounded by a mild repulsion field (EV +2). [potion of mutation]
  2003 | D:4      | Gained mutation: Your flesh is heat resistant. [potion of mutation]
  2086 | D:3      | Mangled by an orc

Vault maps used:
D:1:      dpeg_arrival_fog
D:2:      gammafunk_temple_overflow_forgotten
D:3:      lemuel_upstairs_altar, first_bread, serial_bayou_pond_b
D:4:      lemuel_crystal_altar

Action                   |  1- 3 |  4- 6 || total
-------------------------+-------+-------++-------
Melee: Long sword        |    88 |   168 ||   256
  Use: Potion            |     3 |     6 ||     9
       Scroll            |     2 |     3 ||     5
 Stab: Invisible         |       |     3 ||     3
  Eat: Chunk             |       |     4 ||     4
